 Dungeon Crawl Stone Soup version 0.25-a0-424-g80bd347ae0 (webtiles) character file.

Game seed: 4696115451341405225, levelgen mode: deterministic

2163 hittemvvvvhard the Fighter (level 9, 0/85 HPs)
             Began as a Hill Orc Transmuter on Jan 23, 2020.
             Was an Initiate of Beogh.
             Succumbed to a killer bee's poison
             ... on level 8 of the Dungeon.
             The game lasted 00:24:47 (9176 turns).

hittemvvvvhard the Fighter (Hill Orc Transmuter)    Turns: 9176, Time: 00:24:48

Health: 0/85       AC: 13    Str: 16    XL:     9   Next: 32%
Magic:  11/11      EV:  5    Int: 13    God:    Beogh [......]
Gold:   317        SH:  0    Dex: 13    Spells: 10/11 levels left

rFire    . . .     SeeInvis .   b - +1 war axe
rCold    . . .     Gourm    .   (no shield)
rNeg     . . .     Faith    .   q - +1 plate armour
rPois    .         Spirit   .   (no helmet)
rElec    +         Reflect  .   (no cloak)
rCorr    .         Harm     .   k - +2 pair of gloves
MR       .....     Rnd*Rage +   t - +0 pair of boots
Stlth    ..........             (no amulet)
HPRegen  0.24/turn              (no ring)
MPRegen  0.12/turn              (no ring)

@: lethally poisoned (0 -> -7)
A: agile 1, berserk 1, deformed body, electricity resistance
a: Renounce Religion


You were on level 8 of the Dungeon.
You worshipped Beogh.
Beogh was noncommittal.
You were not hungry.

You visited 1 branch of the dungeon, and saw 8 of its levels.

You collected 317 gold pieces.

Inventory:

Hand Weapons
 a - a +0 short sword of venom
 b - a +1 war axe (weapon)
 c - a +0 trident
 p - a +0 quarterstaff
Missiles
 h - 49 arrows
 j - 114 stones
 s - 24 poisoned darts
 v - 3 boomerangs (quivered)
 Q - 27 bolts
Armour
 i - a +1 ring mail of cold resistance {rC+}
 k - a +2 pair of gloves (worn)
 q - a +1 plate armour (worn)
 t - a +0 pair of boots (worn)
Wands
 D - a wand of digging (8)
Scrolls
 g - a scroll of remove curse
 u - a scroll of fear
Potions
 f - a potion of magic
 m - a potion of resistance {unknown}
 n - a potion of flight {unknown}
Comestibles
 d - 2 chunks of flesh
 e - 10 rations


   Skills:
 - Level 10.0 Fighting
 + Level 8.3 Axes
 - Level 6.1 Armour
 - Level 1.5 Dodging
 - Level 3.2 Unarmed Combat
 - Level 1.5 Spellcasting
 - Level 1.3 Transmutations


You had 10 spell levels left.
You knew the following spells:

 Your Spells              Type           Power        Failure   Level  Hunger
a - Beastly Appendage     Tmut           #.....       100%        1    ##.....

Your spell library contained the following spells:

 Spells                   Type           Power        Failure   Level  Hunger
 Corona                   Hex            #......      100%        1    ##.....
 Ensorcelled Hibernation  Hex/Ice        #.....       100%        2    ###....
 Sticks to Snakes         Tmut           #.......     100%        2    ###....
 Confusing Touch          Hex            #.......     100%        3    ####...
 Dazzling Flash           Conj/Hex       #.....       100%        3    ####...
 Spider Form              Tmut/Pois      #.........   100%        3    ####...
 Tukima's Dance           Hex            #.......     100%        3    ####...
 Ice Form                 Ice/Tmut       #.......     100%        4    #####..
 Blade Hands              Tmut           #.........   100%        5    ######.


Dungeon Overview and Level Annotations

Branches:
Dungeon (8/15)             Temple (0/1) D:7
   Lair: D:8-11

Altars:
Ru

Annotations:
D:2 exclusion: downstairs
D:3 exclusion: 2 downstairs
D:4 Sigmund
D:5 4 exclusions, Pikel
D:6 4 exclusions, Grinder


Innate Abilities, Weirdness & Mutations

You are agile. (Dex +2)
You tend to lose your temper in combat.
Armour fits poorly on your strangely shaped body.
You are resistant to electric shocks. (rElec)


Message History

* * * LOW HITPOINT WARNING * * *
The killer bee stings you but does no damage.
The orc hits you but does no damage.
You take 5 damage, and have 6/85 hp.
You closely miss the killer bee.
* * * LOW HITPOINT WARNING * * *
You feel sick.
The killer bee stings you but does no damage. x2
The orc hits you but does no damage.
The killer bee stings you but does no damage.
You take 1 damage, and have 5/85 hp.
You hit the killer bee.
* * * LOW HITPOINT WARNING * * *
You feel sick. The killer bee completely misses you. The orc barely misses you.
The killer bee stings you.
* * * LOW HITPOINT WARNING * * *
You take 4 damage, and have 1/85 hp.
You slash the killer bee!
You kill the killer bee!
You die...

#[# #.#..###......#
#.# #.#....#.##...##
#.# #.#..#.#.##....#
#.###.#.##.#.##....+
#..........#<.....##
####.##.#..#####'##
#.##.#.[##..#.# #
#.#.....o†..#.# ..
#.#..#.#.#@##.# ...
..#......#....#
....#####.##.########
.......##)##...
######.##.######
..........#
.........##
......############
.........y.o......

Skill      XL: |  1  2  3  4  5  6  7  8  9 |
---------------+----------------------------+-----
Fighting       | 2 3 4 5 7 8 10 | 10.0
Armour         | 5 6 |  6.1
Axes           | 7 8 |  8.3
Dodging        | |  1.5
Unarmed Combat | |  3.2
Spellcasting   | |  1.5
Transmutations | |  1.3

Notes
Turn   | Place    | Note
-------+----------+-------------------------------------------
     0 | D:1      | hittemvvvvhard the Hill Orc Transmuter began the quest for
                  | the Orb.
     0 | D:1      | Reached XP level 1. HP: 16/16 MP: 3/3
   108 | D:1      | Reached skill level 2 in Fighting
   330 | D:1      | HP: 4/17 [hobgoblin/+0 club (2)]
   334 | D:1      | HP: 1/17 [hobgoblin/+0 club (3)]
   397 | D:1      | HP: 4/17 [hobgoblin/+0 club (1)]
   683 | D:1      | Reached XP level 2. HP: 12/25 MP: 2/4
  1217 | D:1      | Reached skill level 3 in Fighting
  1807 | D:2      | Reached XP level 3. HP: 26/31 MP: 5/5
  2297 | D:2      | Reached skill level 4 in Fighting
  2306 | D:2      | HP: 8/33 [poisoned by an adder]
  2313 | D:2      | HP: 5/33 [poisoned by an adder]
  2320 | D:2      | HP: 4/33 [poisoned by an adder]
  2328 | D:2      | HP: 3/33 [poisoned by an adder]
  2825 | D:3      | Reached XP level 4. HP: 36/41 MP: 4/6
  3692 | D:4      | Reached skill level 5 in Fighting
  3810 | D:4      | Noticed an ogre
  3861 | D:4      | Noticed an ogre
  4097 | D:4      | Noticed an ogre
  4163 | D:4      | Noticed Natasha
  4181 | D:4      | Killed Natasha
  4181 | D:4      | Reached XP level 5. HP: 27/50 MP: 7/7
  4379 | D:4      | Noticed Sigmund
  4382 | D:4      | You fall into a shaft and drop 3 floors!
  4385 | D:7      | Noticed a hippogriff
  4416 | D:7      | Reached skill level 6 in Fighting
  4453 | D:7      | Noticed a hippogriff
  4466 | D:7      | Noticed a spriggan baker
  4477 | D:7      | Killed a spriggan baker
  4477 | D:7      | Reached skill level 7 in Fighting
  4477 | D:7      | Reached XP level 6. HP: 56/61 MP: 8/8
  4525 | D:7      | Killed a hippogriff
  4525 | D:7      | Reached skill level 8 in Fighting
  4525 | D:7      | Reached XP level 7. HP: 21/69 MP: 9/9
  4780 | D:7      | Killed a hippogriff
  4780 | D:7      | Reached skill level 3 in Armour
  4903 | D:7      | Became a worshipper of Beogh the Brigand
  4911 | D:7      | Found a staircase to the Ecumenical Temple.
  4947 | D:7      | Reached skill level 4 in Armour
  4967 | D:7      | HP: 17/69 [poisoned by an orc wizard]
  4972 | D:7      | HP: 11/69 [poisoned by an orc wizard]
  4978 | D:7      | HP: 8/69 [poisoned by an orc wizard]
  4984 | D:7      | HP: 7/69 [poisoned by an orc wizard]
  4990 | D:7      | HP: 6/69 [poisoned by an orc wizard]
  4997 | D:7      | HP: 5/69 [poisoned by an orc wizard]
  5515 | D:6      | Reached skill level 5 in Armour
  5515 | D:6      | Reached XP level 8. HP: 72/77 MP: 10/10
  5595 | D:6      | Noticed Dowan
  5748 | D:6      | Noticed Duvessa
  5756 | D:5      | Entered Level 5 of the Dungeon
  5933 | D:5      | HP: 19/77 [hornet zombie (7)]
  5939 | D:5      | HP: 17/77 [hornet zombie (2)]
  5944 | D:5      | HP: 10/77 [hornet zombie (2)]
  5947 | D:5      | Reached skill level 6 in Armour
  6303 | D:5      | Reached skill level 2 in Axes
  6354 | D:5      | Reached skill level 3 in Axes
  6421 | D:5      | Noticed Pikel
  6622 | D:5      | Reached skill level 4 in Axes
  6879 | D:6      | Killed Dowan
  6941 | D:5      | Killed Duvessa
  6941 | D:5      | Reached skill level 5 in Axes
  7172 | D:6      | Noticed Grinder
  7211 | D:6      | Reached skill level 6 in Axes
  7558 | D:6      | Reached skill level 7 in Axes
  7682 | D:6      | Found a sacrificial altar of Ru.
  8003 | D:7      | HP: 18/77 [poisoned by a killer bee]
  8006 | D:7      | Reached XP level 9. HP: 19/82 MP: 11/11
  8013 | D:7      | HP: 20/82 [killer bee (1)]
  8020 | D:7      | HP: 16/82 [killer bee (2)]
  8021 | D:7      | Gained mutation: You tend to lose your temper in combat.
                  | [potion of mutation]
  8021 | D:7      | Gained mutation: You are resistant to electric shocks.
                  | (rElec) [potion of mutation]
  8021 | D:7      | Gained mutation: Armour fits poorly on your strangely
                  | shaped body. [potion of mutation]
  8021 | D:7      | Gained mutation: You are agile. (Dex +2) [potion of
                  | mutation]
  8023 | D:7      | Reached skill level 8 in Axes
  8025 | D:7      | HP: 21/123 [poisoned by a killer bee]
  8030 | D:7      | HP: 16/123 [poisoned by a killer bee]
  8034 | D:7      | Reached skill level 9 in Fighting
  8035 | D:7      | HP: 11/124 [killer bee (1)]
  8040 | D:7      | HP: 10/124 [poisoned by a killer bee]
  8045 | D:7      | HP: 7/124 [poisoned by a killer bee]
  8052 | D:7      | HP: 7/124 [poisoned by a killer bee]
  9034 | D:8      | Reached skill level 10 in Fighting
  9171 | D:8      | HP: 21/85 [poisoned by a killer bee]
  9173 | D:8      | HP: 10/85 [poisoned by a killer bee]
  9175 | D:8      | HP: 4/85 [poisoned by a killer bee]
  9175 | D:8      | HP: 1/85 [killer bee (3)]
  9176 | D:8      | Succumbed to a killer bee's poison

Table legend:
 A = Turns spent in this place as a percentage of turns spent in the entire game.
 B = Non-inter-level travel turns spent in this place as a percentage of non-inter-level travel turns spent in the entire game.
 C = Inter-level travel turns spent in this place as a percentage of turns spent in this place.
 D = Turns resting spent in this place as a percentage of non-inter-level travel turns spent in this place.
 E = Turns spent auto-exploring this place as a percentage of non-inter-level travel turns spent in this place.
 F = Non-inter-level travel turns spent in this place divided by the number of levels of this place that you've seen.
                   A       B       C       D       E      F
               +-------+-------+-------+-------+-------+----------------------
         Total | 100.0 | 100.0 |   3.6 |   8.2 |  69.1 | 1105.9
       Dungeon | 100.0 | 100.0 |   3.6 |   8.2 |  69.1 | 1105.9
               +-------+-------+-------+-------+-------+----------------------

Table legend:
 A = Kills in this place as a percentage of kills in entire the game.
 B = Kills by you in this place as a percentage of kills by you in the entire game.
 C = Kills by friends in this place as a percentage of kills by friends in the entire game.
 D = Other kills in this place as a percentage of other kills in the entire game.
 E = Experience gained in this place as a percentage of experience gained in the entire game.
 F = Experience gained in this place divided by the number of levels of this place that you have seen.
                   A       B       C       D       E      F
               +-------+-------+-------+-------+-------+----------------------
         Total | 100.0 | 100.0 |   N/A |   N/A | 100.0 | 386.4
       Dungeon | 100.0 | 100.0 |   N/A |   N/A | 100.0 | 386.4
               +-------+-------+-------+-------+-------+----------------------

Action                   |  1- 3 |  4- 6 |  7- 9 || total
-------------------------+-------+-------+-------++-------
Melee: Unarmed           |    21 |       |       ||    21
       Club              |    72 |       |       ||    72
       Kick              |     6 |       |       ||     6
       Rapier            |    49 |     3 |       ||    52
       Headbutt          |     2 |       |       ||     2
       Quarterstaff      |       |    46 |       ||    46
       Short sword       |       |    47 |   218 ||   265
       Punch             |       |       |     6 ||     6
       War axe           |       |       |   140 ||   140
Throw: Stone             |    46 |    25 |    47 ||   118
       Dart              |       |       |     2 ||     2
       Boomerang         |       |       |    13 ||    13
 Cast: Beastly Appendage |    11 |     1 |       ||    12
Invok: Convert to Beogh  |       |       |     1 ||     1
Evoke: Wand              |       |       |     1 ||     1
  Use: Scroll            |       |     6 |     8 ||    14
       Potion            |       |       |     8 ||     8
 Stab: Sleeping          |     1 |       |       ||     1
  Eat: Chunk             |     6 |     6 |     5 ||    17
       Ration            |       |       |     3 ||     3
Armor: Robe              |    14 |       |       ||    14
       Leather armour    |    15 |    15 |       ||    30
       Plate armour      |       |    59 |   290 ||   349
       Skin              |       |       |    24 ||    24
Dodge: Dodged            |    87 |    43 |   116 ||   246

Vanquished Creatures
  2 hippogriffs (D:7)
  A spriggan (D:7)
  Duvessa (D:5)
  An ice beast (D:5)
  An orc warrior (D:7)
  3 slaves (D:5)
  A black bear (D:5)
  A hornet zombie (D:5)
  An ogre (D:7)
  A centaur (D:5)
  3 bullfrogs
  A scorpion (D:6)
  6 killer bees
  Dowan (D:6)
  A crimson imp (D:6)
  An orc priest (D:6)
  A hound (D:6)
  3 orc wizards
  A bullfrog skeleton (D:4)
  3 iguanas
  Natasha (D:4)
  2 worker ants
  A worker ant zombie (D:7)
  3 adders
  A shadow imp (D:7)
  A worm (D:2)
  3 dart slugs
  2 leopard geckos (D:3)
  12 orcs
  A ball python (D:2)
  8 bats
  6 giant cockroaches
  6 hobgoblins (D:1)
  3 quokkas
  6 frilled lizards
  5 goblins (D:1)
  A jackal skeleton (D:6)
  3 kobolds
  A quokka skeleton (D:7)
  A rat (D:3)
101 creatures vanquished.

Vanquished Creatures (others)
  An orc wizard (D:7)
  An orc (D:7)
2 creatures vanquished.

Grand Total: 103 creatures vanquished You could see an orc.

Levels and vault maps discovered:
D:1:      shiori_arrival_oz, layout_basic
D:2:      layout_basic
D:3:      wad_pebble_path, layout_rooms
D:4:      minmay_angry_zag, layout_gridville, uniq_sigmund, uniq_natasha,
          uniq_robin
D:5:      layout_basic, first_ration, nrook_pool_corridor, uniq_pikel
D:6:      layout_gridville, lemuel_coloured_pillars_altar, uniq_grinder,
          uniq_duvessa
D:7:      layout_cave_pools, minmay_temple_entry_crystal_x, the_bakery
D:8:      layout_basic, kennysheep_little_box, special_room [special_room_orc],
          uniq_maggie
